[ PARTIDA AOE2 · #493708255 ]
UnrankedSarracenos vs Slavs
Equipo del jugador · VICT
Equipo rival · DERR
[ ANÁLISIS DE REPETICIÓN · EXTRAÍDO DE LA PARTIDA GRABADA ]
Feudal
12:12
Castillos
16:07
Imperial
31:51
| APM promedio | 44.1 |
| APM pico | 91 |
| eAPM promedio | 23.9 |
| Aldeanos / militares | 154 / 57 |
Foco
⚔️ 23.0% · 🌾 77.0%
Mameluke ×30 · Hand Cannoneer ×17 · Trebuchet (Packed) ×5 · Mangonel ×3 · Bombard Cannon ×2
Feudal
8:58
Castillos
22:32
Imperial
—
| APM promedio | 30.1 |
| APM pico | 66 |
| eAPM promedio | 17.1 |
| Aldeanos / militares | 105 / 47 |
Foco
⚔️ 20.8% · 🌾 79.2%
Scorpion ×27 · Battering Ram ×15 · Monk ×3 · Mangonel ×2
Mapa de la partida
Recursos iniciales + cada clic de construcción. Líneas = muros · curvas = relieve. ◆ oro · ⬟ piedra · ● bayas · ✦ reliquia · ◌ hueco del cierre
Tu base· ✓ Cerrada en 16:07 · 22t muro · 3 puerta(s)
Base de Sir Dancealot· ✓ Cerrada en 22:32 · 0t muro · 2 puerta(s)
Terreno inicial suavizado · ◌ = hueco del cierre detectado · pasá el cursor para detalles
Inputs por minuto
— Snowden - - Sir Dancealot
Build order — Snowden
Primeras 150 de 382 acciones detectadas
| 0:02 | Crear | Villager (Male) |
| 0:02 | Crear | Villager (Male) |
| 0:03 | Construir | House |
| 0:05 | Construir | House |
| 0:08 | Crear | Villager (Male) |
| 0:17 | Crear | Villager (Male) |
| 1:30 | Crear | Villager (Male) |
| 1:47 | Construir | Lumber Camp |
| 2:04 | Crear | Villager (Male) |
| 2:04 | Crear | Villager (Male) |
| 2:17 | Crear | Villager (Male) |
| 2:18 | Crear | Villager (Male) |
| 2:47 | Crear | Villager (Male) |
| 2:47 | Crear | Villager (Male) |
| 3:10 | Crear | Villager (Male) |
| 3:11 | Crear | Villager (Male) |
| 3:28 | Construir | House |
| 3:29 | Construir | House |
| 3:44 | Crear | Villager (Male) |
| 3:57 | Crear | Villager (Male) |
| 4:23 | Construir | Mill |
| 4:29 | Crear | Villager (Male) |
| 4:30 | Crear | Villager (Male) |
| 4:45 | Construir | House |
| 4:55 | Crear | Villager (Male) |
| 4:56 | Crear | Villager (Male) |
| 5:21 | Crear | Villager (Male) |
| 5:22 | Crear | Villager (Male) |
| 6:08 | Crear | Villager (Male) |
| 6:38 | Crear | Villager (Male) |
| 7:01 | Crear | Villager (Male) |
| 7:16 | Crear | Villager (Male) |
| 7:36 | Crear | Villager (Male) |
| 8:07 | Investigar | Loom |
| 8:15 | Construir | House |
| 8:28 | Construir | House |
| 8:29 | Crear | Villager (Male) |
| 8:33 | Construir | House |
| 8:37 | Construir | House |
| 8:47 | Crear | Villager (Male) |
| 9:08 | Construir | Palisade Wall |
| 9:18 | Construir | Palisade Wall |
| 9:25 | Construir | Palisade Wall |
| 9:26 | Construir | Palisade Wall |
| 9:37 | Crear | Villager (Male) |
| 9:39 | Construir | Mining Camp |
| 9:42 | Investigar | Feudal Age |
| 9:47 | Construir | Palisade Wall |
| 10:46 | Crear | Villager (Male) |
| 10:48 | Crear | Villager (Male) |
| 11:22 | Construir | House |
| 11:27 | Construir | House |
| 11:33 | Construir | House |
| 11:35 | Construir | House |
| 11:59 | Crear | Villager (Male) |
| 12:12 | Edad | Edad Feudal |
| 12:15 | Construir | Lumber Camp |
| 12:26 | Construir | Market |
| 12:28 | Construir | Palisade Wall |
| 12:34 | Construir | Stone Wall |
| 12:55 | Construir | Blacksmith |
| 13:17 | Investigar | Castle Age |
| 13:17 | Investigar | Castle Age |
| 14:05 | Construir | Mining Camp |
| 14:09 | Construir | Farm |
| 14:09 | Construir | Farm |
| 14:22 | Construir | Farm |
| 14:23 | Construir | Farm |
| 14:38 | Construir | Farm |
| 14:58 | Construir | Farm |
| 15:14 | Investigar | Double-Bit Axe |
| 15:23 | Construir | Farm |
| 15:25 | Crear | Villager (Male) |
| 16:01 | Crear | Villager (Male) |
| 16:07 | Edad | Edad de los Castillos |
| 16:11 | Construir | Siege Workshop |
| 16:36 | Crear | Villager (Male) |
| 16:57 | Crear | Mangonel |
| 17:02 | Crear | Villager (Male) |
| 17:16 | Crear | Villager (Male) |
| 17:25 | Construir | Town Center |
| 17:51 | Crear | Mangonel |
| 17:51 | Crear | Mangonel |
| 17:53 | Crear | Villager (Male) |
| 18:33 | Crear | Villager (Male) |
| 18:39 | Construir | Farm |
| 18:54 | Crear | Villager (Male) |
| 19:03 | Construir | Farm |
| 19:04 | Crear | Villager (Male) |
| 19:08 | Crear | Villager (Male) |
| 19:08 | Crear | Villager (Male) |
| 19:25 | Crear | Villager (Male) |
| 19:26 | Crear | Villager (Male) |
| 19:42 | Construir | Town Center |
| 19:47 | Crear | Villager (Male) |
| 19:48 | Crear | Villager (Male) |
| 19:54 | Construir | Farm |
| 19:57 | Construir | Farm |
| 19:59 | Construir | Farm |
| 20:04 | Crear | Villager (Male) |
| 20:04 | Crear | Villager (Male) |
| 20:04 | Crear | Villager (Male) |
| 20:28 | Construir | Castle |
| 20:29 | Crear | Villager (Male) |
| 20:29 | Crear | Villager (Male) |
| 20:40 | Construir | Farm |
| 20:41 | Construir | Farm |
| 20:49 | Construir | Farm |
| 20:50 | Crear | Villager (Male) |
| 20:50 | Crear | Villager (Male) |
| 20:51 | Crear | Villager (Male) |
| 20:53 | Construir | Farm |
| 20:55 | Crear | Villager (Male) |
| 20:56 | Crear | Villager (Male) |
| 20:56 | Crear | Villager (Male) |
| 21:13 | Crear | Villager (Male) |
| 21:15 | Construir | Farm |
| 21:16 | Construir | Farm |
| 21:24 | Crear | Villager (Male) |
| 21:24 | Crear | Villager (Male) |
| 21:30 | Crear | Villager (Male) |
| 21:30 | Crear | Villager (Male) |
| 21:31 | Crear | Villager (Male) |
| 21:39 | Construir | Farm |
| 21:41 | Crear | Villager (Male) |
| 21:42 | Crear | Villager (Male) |
| 21:49 | Crear | Villager (Male) |
| 21:49 | Crear | Villager (Male) |
| 22:00 | Crear | Villager (Male) |
| 22:00 | Crear | Villager (Male) |
| 22:00 | Crear | Villager (Male) |
| 22:13 | Crear | Villager (Male) |
| 22:13 | Crear | Villager (Male) |
| 22:16 | Crear | Villager (Male) |
| 22:16 | Crear | Villager (Male) |
| 22:18 | Construir | Farm |
| 22:20 | Construir | Farm |
| 22:22 | Crear | Villager (Male) |
| 22:23 | Crear | Villager (Male) |
| 22:23 | Crear | Villager (Male) |
| 22:34 | Crear | Villager (Male) |
| 22:35 | Crear | Villager (Male) |
| 22:39 | Construir | Farm |
| 22:39 | Construir | Farm |
| 22:40 | Construir | Farm |
| 22:40 | Construir | Farm |
| 22:40 | Construir | Farm |
| 22:40 | Construir | Farm |
| 22:41 | Construir | Farm |
| 22:41 | Crear | Villager (Male) |
Build order — Sir Dancealot
Primeras 150 de 263 acciones detectadas
| 0:07 | Crear | Villager (Male) |
| 0:07 | Crear | Villager (Male) |
| 0:07 | Crear | Villager (Male) |
| 0:07 | Crear | Villager (Male) |
| 0:08 | Construir | House |
| 0:10 | Construir | House |
| 1:31 | Crear | Villager (Male) |
| 2:09 | Crear | Villager (Male) |
| 2:20 | Construir | Lumber Camp |
| 2:24 | Crear | Villager (Male) |
| 2:59 | Crear | Villager (Male) |
| 2:59 | Crear | Villager (Male) |
| 2:59 | Crear | Villager (Male) |
| 3:08 | Construir | House |
| 3:36 | Crear | Villager (Male) |
| 3:36 | Crear | Villager (Male) |
| 4:10 | Crear | Villager (Male) |
| 4:11 | Crear | Villager (Male) |
| 4:59 | Crear | Villager (Male) |
| 5:00 | Crear | Villager (Male) |
| 5:00 | Crear | Villager (Male) |
| 5:11 | Investigar | Loom |
| 5:42 | Construir | Mining Camp |
| 6:48 | Investigar | Feudal Age |
| 7:25 | Construir | Mill |
| 8:03 | Crear | Villager (Male) |
| 8:04 | Crear | Villager (Male) |
| 8:23 | Construir | House |
| 8:58 | Edad | Edad Feudal |
| 9:00 | Construir | Watch Tower |
| 9:14 | Construir | Blacksmith |
| 9:18 | Crear | Villager (Male) |
| 9:22 | Crear | Villager (Male) |
| 9:22 | Crear | Villager (Male) |
| 10:18 | Investigar | Fletching |
| 10:36 | Crear | Villager (Male) |
| 10:37 | Crear | Villager (Male) |
| 10:42 | Construir | Mill |
| 11:09 | Construir | Watch Tower |
| 11:30 | Crear | Villager (Male) |
| 11:50 | Construir | Watch Tower |
| 11:56 | Crear | Villager (Male) |
| 12:17 | Investigar | Double-Bit Axe |
| 12:29 | Construir | Outpost |
| 12:31 | Crear | Villager (Male) |
| 12:35 | Construir | House |
| 13:15 | Crear | Villager (Male) |
| 13:15 | Crear | Villager (Male) |
| 13:42 | Construir | House |
| 13:54 | Construir | House |
| 14:12 | Construir | House |
| 14:13 | Crear | Villager (Male) |
| 14:18 | Construir | Farm |
| 14:18 | Construir | Farm |
| 14:18 | Construir | Farm |
| 14:19 | Construir | Farm |
| 14:19 | Construir | Farm |
| 14:27 | Construir | Farm |
| 14:39 | Crear | Villager (Male) |
| 15:07 | Construir | House |
| 15:24 | Construir | Farm |
| 15:37 | Crear | Villager (Male) |
| 15:37 | Crear | Villager (Male) |
| 15:44 | Construir | Mill |
| 16:01 | Construir | Outpost |
| 16:30 | Construir | Farm |
| 16:43 | Construir | Farm |
| 16:45 | Crear | Villager (Male) |
| 17:18 | Construir | Mining Camp |
| 17:21 | Crear | Villager (Male) |
| 17:32 | Crear | Villager (Male) |
| 17:52 | Investigar | Horse Collar |
| 17:52 | Investigar | Horse Collar |
| 18:21 | Crear | Villager (Male) |
| 19:11 | Crear | Villager (Male) |
| 19:11 | Crear | Villager (Male) |
| 19:17 | Construir | Market |
| 19:50 | Investigar | Castle Age |
| 20:02 | Investigar | Gold Mining |
| 20:02 | Investigar | Gold Mining |
| 20:05 | Construir | Farm |
| 20:07 | Construir | Farm |
| 22:29 | Crear | Villager (Male) |
| 22:29 | Crear | Villager (Male) |
| 22:32 | Edad | Edad de los Castillos |
| 22:33 | Construir | Town Center |
| 22:35 | Construir | House |
| 22:38 | Construir | Town Center |
| 22:41 | Construir | House |
| 22:54 | Construir | Monastery |
| 22:59 | Investigar | Wheelbarrow |
| 23:01 | Crear | Villager (Male) |
| 23:12 | Construir | House |
| 23:13 | Construir | House |
| 23:14 | Construir | House |
| 23:15 | Investigar | Bow Saw |
| 23:36 | Crear | Monk |
| 23:37 | Crear | Monk |
| 23:46 | Crear | Villager (Male) |
| 23:46 | Crear | Villager (Male) |
| 23:46 | Crear | Villager (Male) |
| 23:49 | Crear | Villager (Male) |
| 23:49 | Crear | Villager (Male) |
| 23:49 | Crear | Villager (Male) |
| 24:01 | Crear | Villager (Male) |
| 24:02 | Crear | Villager (Male) |
| 24:16 | Construir | Lumber Camp |
| 24:22 | Crear | Villager (Male) |
| 24:23 | Crear | Villager (Male) |
| 24:37 | Crear | Villager (Male) |
| 24:37 | Crear | Villager (Male) |
| 24:41 | Construir | House |
| 24:43 | Construir | House |
| 24:55 | Crear | Monk |
| 25:11 | Construir | Town Center |
| 25:14 | Crear | Villager (Male) |
| 25:33 | Crear | Villager (Male) |
| 25:45 | Construir | Town Center |
| 25:50 | Crear | Villager (Male) |
| 25:51 | Crear | Villager (Male) |
| 26:05 | Crear | Villager (Male) |
| 26:12 | Construir | Siege Workshop |
| 26:14 | Crear | Villager (Male) |
| 26:22 | Crear | Villager (Male) |
| 26:23 | Crear | Villager (Male) |
| 26:24 | Crear | Villager (Male) |
| 26:29 | Construir | Farm |
| 26:29 | Construir | Farm |
| 26:29 | Construir | Farm |
| 26:29 | Construir | Farm |
| 26:30 | Construir | Farm |
| 26:30 | Construir | Farm |
| 26:32 | Crear | Villager (Male) |
| 27:00 | Crear | Villager (Male) |
| 27:00 | Crear | Villager (Male) |
| 27:12 | Crear | Villager (Male) |
| 27:16 | Crear | Mangonel |
| 27:24 | Construir | Farm |
| 27:24 | Construir | Farm |
| 27:25 | Construir | Farm |
| 27:25 | Construir | Farm |
| 27:25 | Construir | Farm |
| 27:25 | Construir | Farm |
| 27:27 | Crear | Villager (Male) |
| 27:27 | Crear | Villager (Male) |
| 27:38 | Construir | Siege Workshop |
| 27:41 | Construir | Siege Workshop |
| 27:50 | Crear | Villager (Male) |
| 27:50 | Crear | Villager (Male) |
| 27:58 | Construir | Farm |
Cronología de la partida
| 8:58 | Sir Dancealot · age_up feudal |
| 9:08 | Snowden · wall_segment Palisade Wall x4 |
| 9:18 | Snowden · wall_segment Palisade Wall x3 |
| 9:25 | Snowden · wall_segment Palisade Wall x3 |
| 9:26 | Snowden · wall_segment Palisade Wall x1 |
| 9:47 | Snowden · wall_segment Palisade Wall x9 |
| 12:12 | Snowden · age_up feudal |
| 12:28 | Snowden · wall_segment Palisade Wall x1 |
| 12:34 | Snowden · wall_segment Stone Wall x1 |
| 15:12 | Snowden · first_market_buy 100 food |
| 16:07 | Snowden · age_up castle |
| 16:11 | Snowden · first_building Siege Workshop |
| 17:08 | Snowden · first_market_sell 100 stone |
| 20:28 | Snowden · first_building Castle |
| 22:32 | Sir Dancealot · age_up castle |
| 22:54 | Sir Dancealot · first_building Monastery |
| 22:59 | Snowden · wall_segment Stone Wall x1 |
| 26:12 | Sir Dancealot · first_building Siege Workshop |
| 27:27 | Snowden · first_building Monastery |
| 29:01 | Snowden · first_building Barracks |
| 29:43 | Snowden · first_building Archery Range |
| 30:33 | Sir Dancealot · first_market_buy 100 stone |
| 30:45 | Sir Dancealot · first_building Castle |
| 31:51 | Snowden · age_up imperial |
| 36:05 | Sir Dancealot · resign |
[ ANÁLISIS IA · 1 CRÉDITO ]
¿Qué pasó realmente en esta partida?
Wolo.gg analiza cada decisión: build order, eco, micro, errores típicos por bracket. Análisis personalizado por WhatsApp o Discord en 30 segundos.
Guía civ
Sarracenos
Perfil
Snowden